 Dungeon Crawl Stone Soup version 0.26-a0-466-g989023bd0d (webtiles) character file.

Game seed: 1254859263118315227

27 drasked the Firebug (level 2, -4/15 HPs)
             Began as a Deep Elf Fire Elementalist on Aug 6, 2020.
             Slain by an adder (5 damage)
             ... on level 2 of the Dungeon.
             The game lasted 00:02:19 (1450 turns).

drasked the Firebug (Deep Elf Fire Elementalist)    Turns: 1450, Time: 00:02:20

Health: -4/15      AC:  4    Str:  5    XL:     2   Next: 93%
Magic:  5/8        EV: 13    Int: 19    God:
Gold:   77         SH:  0    Dex: 15    Spells: 6/7 levels left

rFire    . . .     SeeInvis .   c - +0 spear
rCold    . . .     Faith    .   (no shield)
rNeg     . . .     Spirit   .   a - +0 robe
rPois    .         Reflect  .   d - +0 helmet
rElec    .         Harm     .   (no cloak)
rCorr    .                      e - +0 pair of gloves
MR       .....                  (no boots)
Stlth    ++........             (no amulet)
HPRegen  0.05/turn              (no ring)
MPRegen  0.11/turn              (no ring)

@: no status effects
A: no striking features
a: no special abilities


You were on level 2 of the Dungeon.
You visited 1 branch of the dungeon, and saw 2 of its levels.

You collected 77 gold pieces.

Inventory:

Hand Weapons
 c - a +0 spear (weapon)
   (You found it on level 1 of the Dungeon)
Missiles
 b - a boomerang of dispersal (quivered) {=f=f}
 Q - 36 stones
Armour
 a - a +0 robe (worn)
 d - a +0 helmet (worn)
   (You found it on level 1 of the Dungeon)
 e - a +0 pair of gloves (worn)
   (You found it on level 1 of the Dungeon)
 g - a +2 pair of boots
   (You found it on level 1 of the Dungeon)
 h - a +0 cloak
   (You found it on level 1 of the Dungeon)
Scrolls
 j - a scroll of remove curse {unknown}
 l - a scroll of identify {unknown}
Potions
 f - a potion of lignification {unknown}
 i - 2 potions of curing {unknown}
 k - a potion of degeneration {unknown}


   Skills:
 - Level 2.4 Dodging
 - Level 2.4 Stealth
 - Level 3.0 Spellcasting
 + Level 3.2 Conjurations
 + Level 3.3 Fire Magic


You had 6 spell levels left.
You knew the following spells:

 Your Spells              Type           Power        Failure   Level
a - Foxfire               Conj/Fire      ###.         4%          1

Your spell library contained the following spells:

 Spells                   Type           Power        Failure   Level
 Conjure Flame            Conj/Fire      ###.....     12%         3
 Inner Flame              Hex/Fire       #.......     24%         3
 Sticky Flame             Conj/Fire      ###.....     36%         4
 Fireball                 Conj/Fire      ###.......   73%         5


Dungeon Overview and Level Annotations

Branches:
Dungeon (2/15)

Altars:
Wu Jian
The Shining One


Message History

The foxfire hits the jackal but does no damage.
You conjure some foxfire!
The foxfire hits the jackal.
You kill the jackal!
Your Conjurations skill increases to level 3!
The foxfire hits the jackal but does no damage.
The foxfire hits the jackal.
You conjure some foxfire!
The foxfire hits the jackal.
You kill the jackal!
You conjure some foxfire!
You start resting.
Your magical contamination has completely faded away.
You start resting.
There is an open door here.
A rat comes into view.
A rat is nearby!
A rat is nearby!
You conjure some foxfire!
The rat misses you.
The foxfire hits the rat.
You kill the rat!
You conjure some foxfire!
You start resting.
You see here a rat corpse.
A giant cockroach comes into view.
A giant cockroach is nearby!
A giant cockroach is nearby!
A giant cockroach is nearby!
You conjure some foxfire!
The foxfire hits the giant cockroach.
You conjure some foxfire!
The giant cockroach bites you but does no damage.
The foxfire hits the giant cockroach.
You kill the giant cockroach!
You start resting.
l - a scroll labeled LEDEIKOSHU A goblin comes into view.
A goblin is nearby!
You conjure some foxfire!
You conjure some foxfire!
The foxfire hits the goblin.
You kill the goblin!
Training target 3.2 for Conjurations reached!
You need to enable at least one skill for training.
You start resting.
A frilled lizard comes into view.
A frilled lizard is nearby!
A frilled lizard is nearby!
A frilled lizard is nearby!
The foxfire hits the frilled lizard.
You kill the frilled lizard!
You start resting.
You see here a goblin corpse.
You see here a goblin corpse.
You now have 77 gold pieces (gained 16).
There is an escape hatch in the floor here.
There is a staircase leading out of the dungeon here.
You enter the shallow water.
Moving in this stuff is going to be slow.
Done exploring.
Done exploring.
Done exploring.
Done exploring.
You can't go down here!
Unknown command.
You enter the shallow water.
Moving in this stuff is going to be slow.
There is a stone staircase leading down here.
You climb downwards.
There is a stone staircase leading up here.
A hobgoblin comes into view.
You conjure some foxfire!
The hobgoblin shouts!
The foxfire hits the hobgoblin.
You conjure some foxfire!
The foxfire hits the hobgoblin.
You kill the hobgoblin!
You start resting.
Found an ornate altar of the Wu Jian Council.
An adder comes into view.
The adder hisses angrily.
Found a glowing golden altar of the Shining One.
You conjure some foxfire!
The foxfire hits the adder.
The adder barely misses you. The adder barely misses you.
You conjure some foxfire!
The adder bites you. The adder bites you.
* * * LOW HITPOINT WARNING * * *
The adder bites you but does no damage. The adder bites you.
* * * LOW HITPOINT WARNING * * *
You conjure some foxfire!
The adder barely misses you.
The foxfire hits the adder.
The adder bites you.
* * * LOW HITPOINT WARNING * * *
You conjure some foxfire!
The adder barely misses you. The adder misses you.
The adder bites you but does no damage.
Quiver which item? (- for none, * to show all) (? for menu, Esc to quit)
Quivering
b - 2 boomerangs of dispersal {=f=f} for throwing.
Throwing (i - inventory. (/) - cycle)
b - 2 boomerangs of dispersal (quivered)
{=f=f}
Aim: an adder (almost dead)
You throw a boomerang of dispersal {=f=f}.
The boomerang of dispersal {=f=f} barely misses the adder.
The adder bites you.
You die...

##### #...##
.._..###.########
... ##..S@...# 8
#.#####.# ...
##.# #.#
.._..###.## #<#
#...## #.# ##.##
#.# #. #.# #. #.#
#. #.#


You could see an adder.

Levels and vault maps discovered:
D:1:      dpeg_arrival_solitude, layout_loops_corners,
          chequers_serial_rivers_micro_b
D:2:      layout_loops_ring, grunt_temple_overflow_open, uniq_jessica

Notes
Turn   | Place    | Note
-------+----------+-------------------------------------------
     0 | D:1      | drasked the Deep Elf Fire Elementalist began the quest for
                  | the Orb.
     0 | D:1      | Reached XP level 1. HP: 10/10 MP: 6/6
    23 | D:1      | Identified a +0 spear (You found it on level 1 of the
                  | Dungeon)
    90 | D:1      | Identified a +0 helmet (You found it on level 1 of the
                  | Dungeon)
    95 | D:1      | Identified a +0 pair of gloves (You found it on level 1 of
                  | the Dungeon)
   133 | D:1      | Identified a +0 club
   161 | D:1      | Identified a +0 dagger
   166 | D:1      | Reached skill level 2 in Conjurations
   247 | D:1      | Reached XP level 2. HP: 15/15 MP: 5/8
  1018 | D:1      | Reached skill level 3 in Conjurations
  1429 | D:2      | Found an ornate altar of the Wu Jian Council.
  1435 | D:2      | Found a glowing golden altar of the Shining One.
  1443 | D:2      | HP: 3/15 [adder (4)]
  1445 | D:2      | HP: 1/15 [adder (2)]
  1450 | D:2      | Slain by an adder

Table legend: (Time is in decaauts)
 A = Elapsed time spent in this place.
 B = Non-inter-level travel time spent in this place.
 C = Inter-level travel time spent in this place.
 D = Time resting spent in this place.
 E = Time spent auto-exploring this place.
 F = Levels seen in this place.
 G = Mean time per level.
                   A        B        C        D        E       F      G
               +--------+--------+--------+--------+--------+-----+--------+
         Total |   1450 |   1425 |     25 |    488 |    722 |   2 |  725.0 |
       Dungeon |   1450 |   1425 |     25 |    488 |    722 |   2 |  725.0 |
               +--------+--------+--------+--------+--------+-----+--------+

Top non-repeatable levels by time:
     D:1: 1398 daAuts
     D:2: 51 daAuts

Table legend:
 A = Kills in this place as a percentage of kills in entire the game.
 B = Kills by you in this place as a percentage of kills by you in the entire game.
 C = Kills by friends in this place as a percentage of kills by friends in the entire game.
 D = Other kills in this place as a percentage of other kills in the entire game.
 E = Experience gained in this place as a percentage of experience gained in the entire game.
 F = Experience gained in this place divided by the number of levels of this place that you have seen.
                   A       B       C       D       E      F
               +-------+-------+-------+-------+-------+----------------------
         Total | 100.0 | 100.0 |   N/A |   N/A | 100.0 |  19.5
       Dungeon | 100.0 | 100.0 |   N/A |   N/A | 100.0 |  19.5
               +-------+-------+-------+-------+-------+----------------------

Skill      XL: |  1  2 |
---------------+-------+-----
Conjurations   | 2 3 |  3.2
Dodging        | |  2.4
Stealth        | |  2.4
Spellcasting   | |  3.0
Fire Magic     | |  3.3

Action                   || total
-------------------------++-------
Throw: Boomerang         ||     1
 Cast: Foxfire           ||    70
Armor: Robe              ||     4
Dodge: Dodged            ||    12

Vanquished Creatures
  5 bats (D:1)
  2 giant cockroaches (D:1)
  2 goblins (D:1)
  4 hobgoblins
  2 jackals (D:1)
  5 frilled lizards (D:1)
  6 rats (D:1)
26 creatures vanquished.

Vanquished Creatures (others)
  108 foxfires
108 creatures vanquished.

Grand Total: 134 creatures vanquished
